 Dungeon Crawl Stone Soup version 0.29-a0-266-gf56f883ddd (webtiles) character file.

Game seed: 14581527202942315721

781 sokol815 the Sneak (level 7, -13/43 HPs)
             Began as an Octopode Transmuter on Mar 7, 2022.
             Mangled by a two-headed ogre
             ... wielding a +0 giant club
              (26 damage)
             ... on level 5 of the Dungeon.
             The game lasted 00:11:19 (3814 turns).

sokol815 the Sneak (Octopode Transmuter)            Turns: 3814, Time: 00:11:20

Health: -13/43     AC:  5    Str:  9    XL:     7   Next: 85%
Magic:  10/10      EV: 13    Int: 16    God:
Gold:   122        SH:  6    Dex: 14    Spells: 6/10 levels left

rFire   . . .      SeeInvis .   a - +1 dagger (venom)
rCold   . . .      Faith    .   g - +1 buckler
rNeg    . . .      Spirit   .   (helmet restricted)
rPois   .          Reflect  .   (no amulet)
rElec   .          Harm     .   A - +4 ring of protection
rCorr   .          Rampage  .   (no ring)
Will    .....                   (no ring)
Stlth   ++++......              (no ring)
HPRegen 0.14/turn               (no ring)
MPRegen 0.12/turn               (no ring)
                                (no ring)
                                (no ring)

@: invisible
A: almost no armour, amphibious, 8 rings, camouflage 1, gelatinous body 1,
(nimble swimmer 1), tentacles
a: no special abilities


You were on level 5 of the Dungeon.
You visited 1 branch of the dungeon, and saw 5 of its levels.

You collected 239 gold pieces.
You spent 117 gold pieces at shops.

Inventory:

Hand Weapons
 a - a +1 dagger of venom (weapon)
   (You took it off a goblin on level 1 of the Dungeon)
 b - a +4 hunting sling
   (You bought it in a shop on level 3 of the Dungeon)
 e - a +1 trident of protection
   (You took it off an orc on level 4 of the Dungeon)
 j - a +0 morningstar
   (You took it off an orc on level 4 of the Dungeon)
 m - a +0 spear
   (You found it on level 1 of the Dungeon)
Missiles
 i - 3 boomerangs
 s - 45 stones
Armour
 g - a +1 buckler (worn)
   (You found it on level 2 of the Dungeon)
Magical Staves
 f - a staff of death {rN+}
   (You found it on level 2 of the Dungeon)
 q - a staff of conjuration
   (You took it off a centaur on level 5 of the Dungeon)
Jewellery
 A - a +4 ring of protection (left tentacle)
   (You found it on level 3 of the Dungeon)
Wands
 d - a wand of digging (3)
   (You took it off Jessica on level 2 of the Dungeon)
Scrolls
 h - a scroll of fog
 k - a scroll of teleportation {unknown}
 K - a scroll of immolation {!r}
Potions
 c - 2 potions of degeneration {unknown}
 l - a potion of curing {unknown}
 n - a potion of attraction {!q}
 o - 2 potions of resistance {unknown}
 p - 3 potions of haste {unknown}
 I - a potion of invisibility
 N - a potion of heal wounds {@q2}
 P - 2 potions of lignification {!q}
 U - 3 potions of mutation {!q}


   Skills:
 - Level 1.0 Fighting
 * Level 5.5 Short Blades
 - Level 2.0 Dodging
 + Level 5.6 Stealth
 - Level 3.0 Shields
 - Level 3.0 Unarmed Combat
 - Level 2.0 Spellcasting
 - Level 2.0 Transmutations
 + Level 3.1 Ice Magic


You had 6 spell levels left.
You knew the following spells:

 Your Spells              Type           Power      Damage    Failure   Level
a - Beastly Appendage     Tmut           16%        N/A       12%         1
b - Frozen Ramparts       Ice            22%        1d4       22%         3

Your spell library contained the following spells:

 Spells                   Type           Power      Damage    Failure   Level
 Freeze                   Ice            44%        1d6       8%          1
 Sting                    Tmut/Pois      16%        1d3       19%         1
 Wereblood                Tmut           8%         N/A       19%         2
 Sandblast                Erth           2%         2d4       26%         1
 Passwall                 Tmut/Erth      3%         N/A       26%         2
 Poisonous Vapours        Pois/Air       2%         N/A       38%         2
 Spider Form              Tmut/Pois      4%         N/A       47%         3
 Gell's Gravitas          Tloc           1%         N/A       63%         3
 Stone Arrow              Conj/Erth      2%         3d7       63%         3
 Teleport Other           Tloc           1%         N/A       63%         3
 Ice Form                 Ice/Tmut       9%         N/A       67%         4
 Hailstorm                Conj/Ice       6%         3d4       82%         4
 Olgreb's Toxic Radiance  Pois           1%         N/A       95%         4
 Dispersal                Tloc           0%         N/A       100%        6


Dungeon Overview and Level Annotations

Branches:
Dungeon (5/15)
 Temple: D:4-7

Altars:
Cheibriados
Wu Jian

Shops:
D:3 (!(

Annotations:
D:3 Grinder, Sigmund


Innate Abilities, Weirdness & Mutations

You cannot wear most types of armour.
You are amphibious.
You can wear up to eight rings at the same time.
Your skin changes colour to match your surroundings (Stealth+).
Your rubbery body absorbs attacks. (AC +1, EV +1)
((You are camouflaged when in or above water. (Stealth+)))
You have tentacles for arms and can constrict up to eight enemies at once.


Message History

Training target 3.0 for Shields reached!
Your Shields skill increases to level 3!
q - a staff of conjuration You see here a +0 shortbow.
You start resting.
An adder comes into view.
You regained 2 hp, and now have 28/43 hp.
You start resting.
A gnoll comes into view.
It is wielding a +0 trident and quivering poisoned darts.
Your +1 dagger of venom stops dripping with poison.
b - a +4 hunting sling (weapon)
The gnoll shouts!
You hear an angry hiss.
You shoot a sling bullet. The sling bullet hits the gnoll.
The gnoll throws a poisoned dart.
The poisoned dart hits you!
You are poisoned.
You shoot a sling bullet. The sling bullet misses the adder.
The adder hisses angrily.
You feel very sick.
You hear a bark!
A hound comes into view.
The adder bites you but does no damage.
You take 4 damage, and have 25/43 hp.
Your +1 dagger of venom begins to drip with poison!
a - a +1 dagger of venom (weapon)
The gnoll misses you.
You are too injured to fight recklessly!
You fade into invisibility!
You feel sick. The adder closely misses you.
The gnoll throws a poisoned dart.
The poisoned dart barely misses the adder.
The poisoned dart closely misses you. You block the adder's attack.
You take 1 damage, and have 24/43 hp.
You catch the helpless adder completely off-guard!
You puncture the adder!
You kill the adder!
You feel sick.
The gnoll throws a poisoned dart.
You block the poisoned dart.
Your Ice Magic skill increases to level 3!
You take 1 damage, and have 23/43 hp.
An orc priest and a two-headed ogre come into view.
You feel sick.
A worm comes into view.
The gnoll misses you.
The two-headed ogre moves out of view.
You see here an adder corpse.
You take 1 damage, and have 22/43 hp.
You hit the gnoll.
The gnoll is poisoned.
You grab the gnoll.
You constrict the gnoll, but do no damage.
The hound barely misses you.
You hit the gnoll but do no damage.
The gnoll looks as sick as possible!
You squeeze the gnoll.
You kill the gnoll!
You feel sick. You block the hound's attack.
You take 1 damage, and have 21/43 hp.
You closely miss the hound. Your grab misses the hound.
You feel sick. You block the hound's attack.
You take 1 damage, and have 20/43 hp.
Unknown command.
You hit the hound but do no damage.
The hound is poisoned.
Your grab misses the hound.
You feel sick.
You are no longer poisoned.
The hound closely misses you.
You take 1 damage, and have 19/43 hp.
You hit the hound. Your grab misses the hound. You squeeze the hound!
The hound misses you. The hound bites you.
You take 5 damage, and have 14/43 hp.
You hit the hound.
The hound looks as sick as possible!
Your grab misses the hound. The hound barely misses you.
You closely miss the hound. Your grab misses the hound. You squeeze the hound.
You kill the hound!
Items here: $ ( ) †.
You feel much better.
You regained 17 hp, and now have 32/43 hp.
The two-headed ogre shouts in stereo!
You hit the worm but do no damage. You grab the worm. You constrict the worm.
You hit the worm but do no damage.
The worm is poisoned.
You tentacle-slap the worm. You squeeze the worm! You constrict the worm.
You kill the worm!
You see here a worm corpse.
The orc priest hits you with a +0 hand axe.
You hit the orc priest.
The orc priest is poisoned.
Your grab misses the orc priest. Your squeeze misses the orc priest.
You hit the orc priest. You grab the orc priest. You squeeze the orc priest.
You constrict the orc priest. The orc priest barely misses you.
You hit the orc priest.
The orc priest looks as sick as possible!
You squeeze the orc priest.
You kill the orc priest!
Found a club.
Found a stone staircase leading down.
Things that are here:
a +0 hand axe; an orc corpse You hit the two-headed ogre but do no damage.
You hit the two-headed ogre.
The two-headed ogre is poisoned.
The two-headed ogre hits you with a +0 giant club!!
The two-headed ogre completely misses you.
You take 19 damage, and have 13/43 hp.
MASSIVE DAMAGE!!
You hit the two-headed ogre but do no damage.
The two-headed ogre looks as sick as possible!
Your squeeze misses the two-headed ogre.
The two-headed ogre hits you with a +0 giant club!!
Ouch! That really hurt!
You die...

. # # ##. # ###..$ ##
# ###...###. ####
##....##.. <..#
##.....#.( ### ##.#
#....##..##..##
##.####....#..)#@O.≈##
##.##.))...#8.#..##..#
##.##.#..†.#..#≈..>..#
##.#..#....#†.#≈.⌠..§#
...'.†#...).8.#..##..#
####......)#..##≈..≈##
# ##.#...†##..##.)## #
####....##..#### #
##....##...


You could see a two-headed ogre (can't see you, extremely poisoned).

Vanquished Creatures
  A water moccasin (D:5)
  A centaur (D:5)
  2 necrophages (D:5)
  A scorpion (D:5)
  2 vampire bats (D:3)
  A hound (D:5)
  2 orc priests
  Jessica (D:2)
  An iguana (D:5)
  An orc wizard (D:4)
  7 adders
  A gnoll (D:5)
  2 worms (D:5)
  2 dart slugs (D:1)
  10 orcs
  10 bats
  5 endoplasms
  3 giant cockroaches
  8 goblins
  2 hobgoblins
  3 jackals
  4 quokkas
  3 ball pythons
  A frilled lizard (D:1)
  6 kobolds
  5 rats
85 creatures vanquished.

Notes
Turn   | Place    | Note
-------+----------+-------------------------------------------
     0 | D:1      | sokol815 the Octopode Transmuter began the quest for the
                  | Orb.
     0 | D:1      | Reached XP level 1. HP: 13/13 MP: 3/3
    74 | D:1      | Reached skill level 1 in Stealth
   386 | D:1      | Reached XP level 2. HP: 18/18 MP: 5/5
   398 | D:1      | Reached skill level 1 in Short Blades
   678 | D:1      | Reached skill level 2 in Stealth
   948 | D:1      | Reached XP level 3. HP: 23/23 MP: 6/6
  1030 | D:1      | Reached skill level 2 in Short Blades
  1238 | D:2      | Found a faded altar of an unknown god.
  1482 | D:2      | Learned a level 3 spell: Frozen Ramparts
  1742 | D:2      | Noticed Jessica
  1776 | D:2      | Killed Jessica
  1777 | D:2      | Reached skill level 3 in Stealth
  1777 | D:2      | Reached XP level 4. HP: 28/28 MP: 7/7
  1842 | D:3      | Found Jailaekk's Weapon Emporium.
  1892 | D:3      | Found an ornate altar of the Wu Jian Council.
  2024 | D:3      | Found Kisiog's Distillery.
  2374 | D:3      | Noticed Sigmund
  2402 | D:3      | Found a snail-covered altar of Cheibriados.
  2450 | D:3      | Noticed Grinder
  2485 | D:3      | Found Xiecycat's Antique Weapon Shop.
  2490 | D:3      | Bought a runed hunting sling for 117 gold pieces
  2539 | D:3      | Reached skill level 3 in Short Blades
  2539 | D:3      | Reached skill level 1 in Shields
  2539 | D:3      | Reached skill level 1 in Ice Magic
  2539 | D:3      | Reached XP level 5. HP: 33/33 MP: 8/8
  3100 | D:4      | Reached XP level 6. HP: 37/38 MP: 9/9
  3147 | D:4      | Reached skill level 4 in Stealth
  3445 | D:4      | Reached skill level 4 in Short Blades
  3572 | D:5      | Entered Level 5 of the Dungeon
  3604 | D:5      | Reached skill level 2 in Shields
  3604 | D:5      | Reached skill level 2 in Ice Magic
  3641 | D:5      | Reached XP level 7. HP: 36/43 MP: 10/10
  3721 | D:5      | Reached skill level 5 in Stealth
  3735 | D:5      | Reached skill level 5 in Short Blades
  3760 | D:5      | Reached skill level 3 in Shields
  3790 | D:5      | Reached skill level 3 in Ice Magic
  3790 | D:5      | Noticed a two-headed ogre
  3814 | D:5      | Mangled by a two-headed ogre

Illustrated notes

Levels and vault maps discovered:
D:1:      wander_arrival_estate, layout_loops_ring
D:2:      layout_rooms, ebering_ecumenical_altar_rust,
          kennysheep_generic_room_4, uniq_jessica
D:3:      layout_loops_ring, overflow_temple_1_default, lemuel_tele_altar,
          serial_shops, nicolae_shop_stone, nicolae_shop_trees, shop_statue,
          roderic_batcave, nrook_uturn, uniq_sigmund, uniq_grinder
D:4:      nicolae_cairo_tiling_very_big, layout_rooms,
          amcnicky_mini_rare_corridor_liquid
D:5:      layout_loops_corners, kennysheep_mini_moat, lemuel_doored_altar,
          nzn_random_ring

Skill      XL: |  1  2  3  4  5  6  7 |
---------------+----------------------+-----
Stealth        | 1 2 3 4 5 |  5.6
Short Blades   | 1 2 3 4 5 |  5.5
Shields        | 1 2 3 |  3.0
Ice Magic      | 1 2 3 |  3.1
Fighting       | |  1.0
Dodging        | |  2.0
Unarmed Combat | |  3.0
Spellcasting   | |  2.0
Transmutations | |  2.0

Action                   |  1- 3 |  4- 6 |  7- 9 || total
-------------------------+-------+-------+-------++-------
Melee: Dagger            |    41 |    50 |    47 ||   138
       Constrict         |    12 |    15 |     9 ||    36
       Unarmed           |     2 |       |       ||     2
       Tentacles         |     9 |    18 |    18 ||    45
       Punch             |     3 |     2 |     1 ||     6
 Fire: Hunting sling     |    43 |    67 |     5 ||   115
  Use: Scroll            |     2 |     8 |       ||    10
       Potion            |       |       |     2 ||     2
 Stab: Sleeping          |     2 |     1 |       ||     3
       Distracted        |       |     1 |       ||     1
       Invisible         |       |       |     1 ||     1
Armor: Skin              |     1 |    13 |     9 ||    23
Dodge: Dodged            |    25 |    38 |    25 ||    88
Block: Buckler           |       |    16 |    10 ||    26

Table legend: (Time is in decaauts)
 A = Elapsed time spent in this place.
 B = Non-inter-level travel time spent in this place.
 C = Inter-level travel time spent in this place.
 D = Time resting spent in this place.
 E = Time spent auto-exploring this place.
 F = Levels seen in this place.
 G = Mean time per level.
                   A        B        C        D        E       F      G
               +--------+--------+--------+--------+--------+-----+--------+
         Total |   3825 |   3721 |    104 |    611 |   2470 |   5 |  765.0 |
       Dungeon |   3825 |   3721 |    104 |    611 |   2470 |   5 |  765.0 |
               +--------+--------+--------+--------+--------+-----+--------+

Top non-repeatable levels by time:
     D:1: 1174 daAuts
     D:3: 1117 daAuts
     D:4: 664 daAuts
     D:2: 636 daAuts
     D:5: 232 daAuts

Table legend:
 A = Kills in this place as a percentage of kills in entire the game.
 B = Kills by you in this place as a percentage of kills by you in the entire game.
 C = Kills by friends in this place as a percentage of kills by friends in the entire game.
 D = Other kills in this place as a percentage of other kills in the entire game.
 E = Experience gained in this place as a percentage of experience gained in the entire game.
 F = Experience gained in this place divided by the number of levels of this place that you have seen.
                   A       B       C       D       E      F
               +-------+-------+-------+-------+-------+----------------------
         Total | 100.0 | 100.0 |   N/A |   N/A | 100.0 | 223.4
       Dungeon | 100.0 | 100.0 |   N/A |   N/A | 100.0 | 223.4
               +-------+-------+-------+-------+-------+----------------------
